Knights vs Scraper
(R1)
Created - 20 décembre 2014 at 23:51
Goals
|
Knights |
0 |
1 |
0 |
1 |
Scraper |
1 |
5 |
0 |
6 |
|
Shots
|
Knights |
12 |
12 |
8 |
32 |
Scraper |
11 |
16 |
3 |
30 |
|
1st period
1. Scraper , Valeri Bure 14 (Evander Kane, Brendan Smith) at 0:55
Penalties :
Tomas Kundratek (Lon) for Boarding (Minor) at 17:15, Rick Schofield (Out) for Holding (Minor) at 18:47
2nd period
2. Scraper , Eric Godard 12 (Riley Armstrong) at 3:06 (PP)
3. Scraper , Riley Armstrong 5 (Brayden Schenn, Brendan Smith) at 6:41
4. Scraper , Eric Godard 13 (Ben Eager, Riley Armstrong) at 7:04 (PP)
5. Scraper , Eric Godard 14 (Riley Armstrong) at 7:30
6. Scraper , Roman Horak 6 (Denis Shvidki, Derek Joslin) at 12:22
7. Knights , Colton Gillies 4 (Aaron Palushaj, Danny Irmen) at 19:15
Penalties :
Chris Thorburn (Lon) for Interference (Minor) at 3:00, Alex Chiasson (Lon) for Roughing (Minor) at 6:51, Brayden Schenn (Out) for Fighting (Major) at 8:12, Garnet Exelby (Lon) for Fighting (Major) at 8:12, Eric Knodel (Out) for Cross-checking (Minor) at 10:18, Valeri Bure (Out) for Holding Stick (Minor) at 14:19, Brayden Schenn (Out) for High sticking (Minor) at 16:23, Eric Godard (Out) for Fighting (Major) at 19:20, Kyle Greentree (Lon) for Fighting (Major) at 19:20
3rd period
No Goal
Penalties :
Daniel Winnik (Out) for Hooking (Minor) at 13:42
Goalie Stats
Dany Sabourin (Lon), 16 saves from 21 shots - (0,762), L, 12-6-1, 27:30 minutes
Jean-Francois Berube (Lon), 8 saves from 9 shots - (0,889), 32:30 minutes
Maxime Ouellet (Out), 31 saves from 32 shots - (0,969), W, 5-4-1, 60:00 minutes
Players Stats for Knights
Player Name G A P +/- PIM S H SB GA TA FO MP PP MP PK MP
------------------------------------------------------------------------------------
A.J. Jenks 0 0 0 0 0 0 3 0 0 1 0/1 7:21 0:00 0:00
Aaron Palushaj 0 1 1 -1 0 0 0 0 1 0 0/0 12:39 0:00 0:00
Alex Chiasson 0 0 0 -1 2 2 1 0 0 2 0/1 20:18 5:08 0:00
Carter Ashton 0 0 0 0 0 0 0 0 0 0 1/1 7:28 0:06 0:00
Chris Thorburn 0 0 0 -1 2 1 1 2 1 0 0/2 20:16 4:14 1:27
Colton Gillies 1 0 1 -1 0 2 3 0 0 0 0/0 12:47 0:04 0:00
Danny Irmen 0 1 1 -1 0 1 1 0 0 0 5/7 12:39 0:00 0:00
Eric Gelinas 0 0 0 -1 0 4 1 0 1 0 0/0 24:38 3:03 1:29
Garnet Exelby 0 0 0 -1 5 5 0 2 2 0 0/0 21:13 5:15 0:22
James Wright 0 0 0 -1 0 0 5 0 0 1 5/16 19:04 4:14 1:33
Kyle Greentree 0 0 0 -1 5 6 6 0 0 0 0/2 18:54 5:10 0:18
Michael Raffl 0 0 0 -1 0 1 2 0 0 0 0/0 17:41 4:14 0:06
Michael Stone 0 0 0 0 0 1 1 0 0 0 0/0 12:35 0:32 0:00
Nikita Nikitin 0 0 0 -1 0 1 1 0 1 0 0/0 17:57 6:09 0:00
Philip Varone 0 0 0 0 0 0 1 0 0 0 0/2 8:09 0:44 0:00
Tomas Kundratek 0 0 0 0 2 0 1 0 0 0 0/0 14:43 0:31 0:00
Zack Hamill 0 0 0 -1 0 6 4 0 0 0 16/30 20:54 5:01 0:18
Zbynek Michalek 0 0 0 -3 0 2 1 2 0 1 0/0 28:21 2:55 1:51
Players Stats for Scraper
Player Name G A P +/- PIM S H SB GA TA FO MP PP MP PK MP
------------------------------------------------------------------------------------
Ben Eager 0 1 1 2 0 3 0 1 1 1 3/3 12:11 1:15 1:16
Brayden Schenn 0 1 1 1 7 1 4 0 0 0 3/6 13:10 0:00 1:37
Brendan Smith 0 2 2 4 0 1 2 2 1 0 0/0 28:07 1:29 5:30
Daniel Winnik 0 0 0 0 2 3 2 0 0 0 1/1 15:33 0:36 0:18
Denis Shvidki 0 1 1 1 0 4 0 0 1 0 0/0 21:13 0:36 5:10
Derek Joslin 0 1 1 4 0 1 1 1 0 3 0/0 27:51 1:29 5:30
Eric Godard 3 0 3 1 5 5 0 1 0 0 4/8 23:28 1:15 5:07
Eric Gryba 0 0 0 0 0 1 0 0 0 0 0/0 19:43 0:22 3:58
Eric Knodel 0 0 0 0 2 0 1 0 0 0 0/0 12:30 0:00 0:00
Evander Kane 0 1 1 1 0 1 1 0 0 0 0/1 15:28 0:00 1:40
Jared Cowen 0 0 0 0 0 0 0 1 0 0 0/0 20:06 0:22 3:58
Jerome Samson 0 0 0 0 0 0 0 0 0 0 0/0 0:31 0:00 0:00
Joe Finley 0 0 0 -1 0 0 2 1 0 1 0/0 12:26 0:00 0:00
Reilly Smith 0 0 0 -1 0 0 0 0 0 0 0/0 9:20 0:00 0:00
Rick Schofield 0 0 0 0 2 1 1 0 0 0 7/10 13:44 0:35 0:00
Riley Armstrong 1 3 4 2 0 4 2 1 0 0 14/27 19:45 1:15 2:49
Riley Nash 0 0 0 0 0 0 0 0 0 0 0/0 0:00 0:00 0:00
Roman Horak 1 0 1 1 0 1 0 0 0 0 0/2 3:44 0:00 0:59
Ryan O'Reilly 0 0 0 -1 0 1 0 0 0 1 3/4 6:55 0:00 0:00
Valeri Bure 1 0 1 1 2 3 1 1 2 0 0/0 14:13 0:00 0:00
3 Stars
1 - Riley Armstrong (Out)
2 - Brendan Smith (Out)
3 - Eric Godard (Out)
Power Play
Knights - 0 on 5 Attempt(s) - 0,00%
Scraper - 2 on 3 Attempt(s) - 66,67%
Penalty Kill
Knights - 1 on 3 Attempt(s) - 33,33%
- Score 0 goal in Penalty Kill
Scraper - 5 on 5 Attempt(s) - 100,00%
- Score 0 goal in Penalty Kill
Official
Referees : Sutherland Kelly and Kowal Tom
Linesman : Darren Gibbs and Greg Devorski
Game Notes
Eric Godard has scored a Hat Trick!
Jean-Francois Berube enters game at 7:30 of 2nd period
Brayden Schenn beats up Garnet Exelby at 8:12 of 2nd period
Ben Eager is injured at 13:57 of 2nd period (Bruised Right Foot)
Eric Godard and Kyle Greentree fight to a draw at 19:20 of 2nd period
Finance
Level 1 -- Attendance: 1378 (68,90%) -- Ticket Income 55 120 $
Level 2 -- Attendance: 757 (75,70%) -- Ticket Income 15 140 $
Total Attendance: 2135 (71,17%)
Total Ticket Income: 70 260 $
Other Income: 3 513 $
Total Income: 73 773 $
Knights
5 vs 5 Forward
Center Left Wing Right Wing Time % Phy DF OF
1 Zack Hamill Kyle Greentree Alex Chiasson 37 1 2 2
2 James Wright Michael Raffl Chris Thorburn 33 1 2 2
3 Danny Irmen Colton Gillies Aaron Palushaj 20 1 2 2
4 Philip Varone A.J. Jenks Carter Ashton 10 1 2 2
5 vs 5 Defense
Defense Defense Time % Phy DF OF
1 Zbynek Michalek Eric Gelinas 40 1 2 2
2 Garnet Exelby Tomas Kundratek 30 1 2 2
3 Nikita Nikitin Michael Stone 20 1 2 2
4 Zbynek Michalek Garnet Exelby 10 1 2 2
PowerPlay Forward
Center Left Wing Right Wing Time % Phy DF OF
1 Zack Hamill Kyle Greentree Alex Chiasson 60 1 1 3
2 James Wright Michael Raffl Chris Thorburn 40 1 1 3
PowerPlay Defense
Defense Defense Time % Phy DF OF
1 Garnet Exelby Nikita Nikitin 60 1 1 3
2 Zbynek Michalek Eric Gelinas 40 1 1 3
Penalty Kill 4 Players Forward
Center Wing Time % Phy DF OF
1 James Wright Chris Thorburn 60 1 3 1
2 Kyle Greentree Zack Hamill 40 1 3 1
Penalty Kill 4 Players Defense
Defense Defense Time % Phy DF OF
1 Zbynek Michalek Eric Gelinas 60 1 2 2
2 Garnet Exelby Tomas Kundratek 40 1 3 1
Penalty Kill - 3 Players Forward
Forward Time % Phy DF OF
1 Chris Thorburn 60 0 4 1
2 Zack Hamill 40 0 4 1
Penalty Kill - 3 Players Defense
Defense Defense Time % Phy DF OF
1 Zbynek Michalek Tomas Kundratek 60 1 4 0
2 Eric Gelinas Garnet Exelby 40 1 4 0
4 vs 4 Forward
Center Wing Time % Phy DF OF
1 Zack Hamill Chris Thorburn 60 1 2 2
2 Alex Chiasson James Wright 40 1 2 2
4 vs 4 Defense
Defense Defense Time % Phy DF OF
1 Zbynek Michalek Eric Gelinas 60 1 2 2
2 Tomas Kundratek Garnet Exelby 40 1 2 2
Last Minutes Offensive
Center Left Wing Right Wing Defense Defense
Zack Hamill Kyle Greentree Chris Thorburn Zbynek Michalek Eric Gelinas
Last Minutes Defensive
Center Left Wing Right Wing Defense Defense
James Wright Kyle Greentree Chris Thorburn Zbynek Michalek Garnet Exelby
Goaltenders
Starting : Dany Sabourin
Backup : Jean-Francois Berube
Extra Forwards
Normal : Chris Thorburn, Zack Hamill, James Wright - PP : Chris Thorburn, Zack Hamill - PK : Chris Thorburn
Extra Defensemen
Normal : Garnet Exelby, Zbynek Michalek, Tomas Kundratek - PP : Zbynek Michalek - PK : Zbynek Michalek, Tomas Kundratek
Penalty Shots
Chris Thorburn, Alex Chiasson, Zack Hamill, James Wright, Kyle Greentree
Scraper
5 vs 5 Forward
Center Left Wing Right Wing Time % Phy DF OF
1 Riley Armstrong Ben Eager Eric Godard 40 1 2 2
2 Rick Schofield Daniel Winnik Denis Shvidki 30 1 2 2
3 Brayden Schenn Evander Kane Valeri Bure 20 1 2 2
4 Ryan O'Reilly Eric Godard Reilly Smith 10 1 2 2
5 vs 5 Defense
Defense Defense Time % Phy DF OF
1 Brendan Smith Derek Joslin 40 1 2 2
2 Eric Gryba Jared Cowen 30 1 2 2
3 Joe Finley Eric Knodel 20 1 2 2
4 Brendan Smith Derek Joslin 10 1 2 2
PowerPlay Forward
Center Left Wing Right Wing Time % Phy DF OF
1 Riley Armstrong Ben Eager Eric Godard 60 1 2 2
2 Rick Schofield Daniel Winnik Denis Shvidki 40 1 2 2
PowerPlay Defense
Defense Defense Time % Phy DF OF
1 Brendan Smith Derek Joslin 60 1 2 2
2 Eric Gryba Jared Cowen 40 1 2 2
Penalty Kill 4 Players Forward
Center Wing Time % Phy DF OF
1 Eric Godard Denis Shvidki 60 1 2 2
2 Riley Armstrong Ben Eager 40 1 2 2
Penalty Kill 4 Players Defense
Defense Defense Time % Phy DF OF
1 Brendan Smith Derek Joslin 60 1 2 2
2 Eric Gryba Jared Cowen 40 1 2 2
Penalty Kill - 3 Players Forward
Forward Time % Phy DF OF
1 Eric Godard 60 1 2 2
2 Denis Shvidki 40 1 2 2
Penalty Kill - 3 Players Defense
Defense Defense Time % Phy DF OF
1 Brendan Smith Derek Joslin 60 1 2 2
2 Eric Gryba Jared Cowen 40 1 2 2
4 vs 4 Forward
Center Wing Time % Phy DF OF
1 Eric Godard Denis Shvidki 60 1 2 2
2 Riley Armstrong Ben Eager 40 1 2 2
4 vs 4 Defense
Defense Defense Time % Phy DF OF
1 Brendan Smith Derek Joslin 60 1 2 2
2 Eric Gryba Jared Cowen 40 1 2 2
Last Minutes Offensive
Center Left Wing Right Wing Defense Defense
Riley Armstrong Ben Eager Eric Godard Brendan Smith Derek Joslin
Last Minutes Defensive
Center Left Wing Right Wing Defense Defense
Riley Armstrong Ben Eager Eric Godard Brendan Smith Derek Joslin
Goaltenders
Starting : Maxime Ouellet
Backup : Peter Mannino
Extra Forwards
Normal : Valeri Bure, Evander Kane, Brayden Schenn - PP : Valeri Bure, Evander Kane - PK : Brayden Schenn
Extra Defensemen
Normal : Joe Finley, Eric Knodel, Eric Gryba - PP : Joe Finley - PK : Eric Knodel, Eric Gryba
Penalty Shots
Eric Godard, Denis Shvidki, Riley Armstrong, Ben Eager, Valeri Bure
% Time on Ice - Knights
Lines # - Real PCT - Wanted PCT - Time Play
Normal Forward
1 - 32% - 37% - 15:12
2 - 27% - 33% - 13:02
3 - 26% - 20% - 12:39
4 - 15% - 10% - 7:21
Normal Defense
1 - 41% - 40% - 20:01
2 - 30% - 30% - 14:38
3 - 24% - 20% - 11:24
4 - 5% - 10% - 2:11
PP Forward
1 - 55% - 60% - 5:14
2 - 45% - 40% - 4:14
PP Defense
1 - 75% - 60% - 7:08
2 - 25% - 40% - 2:20
PK Forward
1 - 84% - 60% - 1:33
2 - 16% - 40% - 0:18
PK Defense
1 - 80% - 60% - 1:29
2 - 20% - 40% - 0:22
PK3 Forward
1 - 0% - 60%
2 - 0% - 40%
PK3 Defense
1 - 0% - 60%
2 - 0% - 40%
44 Forward
1 - 100% - 60% - 0:27
2 - 0% - 40% - 0:00
44 Defense
1 - 100% - 60% - 0:27
2 - 0% - 40% - 0:00
Last Minute Offensive - 0:00
Last Minute Defensive - 0:00
Total
Forward - 60:00
Defense - 60:00
|
% Time on Ice - Scraper
Lines # - Real PCT - Wanted PCT - Time Play
Normal Forward
1 - 38% - 40% - 18:33
2 - 27% - 30% - 13:08
3 - 20% - 20% - 9:38
4 - 14% - 10% - 6:55
Normal Defense
1 - 37% - 40% - 17:56
2 - 32% - 30% - 15:23
3 - 26% - 20% - 12:26
4 - 5% - 10% - 2:29
PP Forward
1 - 68% - 60% - 1:15
2 - 32% - 40% - 0:36
PP Defense
1 - 80% - 60% - 1:29
2 - 20% - 40% - 0:22
PK Forward
1 - 70% - 60% - 6:39
2 - 30% - 40% - 2:49
PK Defense
1 - 58% - 60% - 5:30
2 - 42% - 40% - 3:58
PK3 Forward
1 - 0% - 60%
2 - 0% - 40%
PK3 Defense
1 - 0% - 60%
2 - 0% - 40%
44 Forward
1 - 100% - 60% - 0:27
2 - 0% - 40% - 0:00
44 Defense
1 - 100% - 60% - 0:27
2 - 0% - 40% - 0:00
Last Minute Offensive - 0:00
Last Minute Defensive - 0:00
Total
Forward - 60:00
Defense - 60:00
|
Play by Play
1st period
0:01 of 1st period - Riley Armstrong wins face-off versus Zack Hamill in neutral zone.
0:10 of 1st period - Wrist shot by Kyle Greentree.
0:10 of 1st period - Stopped by Maxime Ouellet with a rebound.
0:12 of 1st period - Backhand shot by Eric Gelinas.
0:12 of 1st period - Stopped by Maxime Ouellet with a rebound.
0:14 of 1st period - Slapshot by Kyle Greentree.
0:14 of 1st period - Stopped by Maxime Ouellet with a rebound.
0:30 of 1st period - Zbynek Michalek is hit by Derek Joslin and loses puck.
0:55 of 1st period - Wrist shot by Valeri Bure.
0:55 of 1st period - Deflect By Garnet Exelby.
0:55 of 1st period - Goal by Valeri Bure - Knights : 0 - Scraper : 1.
0:56 of 1st period - Ryan O'Reilly wins face-off versus A.J. Jenks in neutral zone.
1:21 of 1st period - Eric Gryba is hit by Kyle Greentree and loses puck.
1:46 of 1st period - Snap shot by Evander Kane.
1:46 of 1st period - Shot Misses the Net.
2:16 of 1st period - Slapshot by Garnet Exelby.
2:16 of 1st period - Stopped by Maxime Ouellet without a rebound.
2:17 of 1st period - Rick Schofield wins face-off versus Kyle Greentree in Scraper zone.
2:26 of 1st period - Wrist shot by Daniel Winnik.
2:26 of 1st period - Stopped by Dany Sabourin with a rebound.
2:55 of 1st period - Michael Raffl is hit by Eric Knodel and loses puck.
3:02 of 1st period - Eric Godard is hit by Nikita Nikitin and loses puck.
3:21 of 1st period - Slapshot by Michael Raffl.
3:21 of 1st period - Stopped by Maxime Ouellet with a rebound.
3:23 of 1st period - Snap shot by Chris Thorburn.
3:23 of 1st period - Shot Misses the Net.
4:00 of 1st period - Off-side.
4:01 of 1st period - Zack Hamill wins face-off versus Evander Kane in neutral zone.
5:13 of 1st period - Brendan Smith is hit by A.J. Jenks and loses puck.
5:31 of 1st period - Brayden Schenn is hit by Colton Gillies and loses puck.
5:46 of 1st period - Eric Godard is hit by Kyle Greentree.
6:02 of 1st period - Rick Schofield is hit by A.J. Jenks and loses puck.
6:19 of 1st period - Carter Ashton is hit by Valeri Bure and loses puck.
7:04 of 1st period - Ryan O'Reilly is hit by Danny Irmen and loses puck.
8:10 of 1st period - Derek Joslin is hit by Philip Varone and loses puck.
8:37 of 1st period - Brendan Smith is hit by Michael Raffl and loses puck.
9:24 of 1st period - Garnet Exelby is hit by Brayden Schenn.
9:43 of 1st period - Nikita Nikitin is hit by Riley Armstrong and loses puck.
10:02 of 1st period - Icing by Carter Ashton.
10:03 of 1st period - Danny Irmen wins face-off versus Riley Armstrong in Knights zone.
10:10 of 1st period - Snap shot by Danny Irmen.
10:10 of 1st period - Stopped by Maxime Ouellet without a rebound.
10:11 of 1st period - Zack Hamill wins face-off versus Riley Armstrong in Scraper zone.
10:12 of 1st period - Snap shot by Kyle Greentree.
10:12 of 1st period - Stopped by Maxime Ouellet without a rebound.
10:13 of 1st period - Zack Hamill wins face-off versus Riley Armstrong in Scraper zone.
10:24 of 1st period - Wrist shot by Kyle Greentree.
10:24 of 1st period - Shot Misses the Net.
10:51 of 1st period - Slapshot by Denis Shvidki.
10:51 of 1st period - Stopped by Dany Sabourin without a rebound.
10:52 of 1st period - Zack Hamill wins face-off versus Brayden Schenn in Knights zone.
10:59 of 1st period - Backhand shot by Alex Chiasson.
10:59 of 1st period - Stopped by Maxime Ouellet without a rebound.
11:00 of 1st period - Brayden Schenn wins face-off versus Zack Hamill in Scraper zone.
11:20 of 1st period - Snap shot by Evander Kane.
11:20 of 1st period - Shot Misses the Net.
11:22 of 1st period - Wrist shot by Valeri Bure.
11:22 of 1st period - Shot Misses the Net.
11:24 of 1st period - Wrist shot by Valeri Bure.
11:24 of 1st period - Shot Misses the Net.
11:26 of 1st period - Slapshot by Evander Kane.
11:26 of 1st period - Deflect By Valeri Bure.
11:26 of 1st period - Shot Blocked by Garnet Exelby.
11:26 of 1st period - Puck is out of play.
11:27 of 1st period - Riley Armstrong wins face-off versus James Wright in Knights zone.
11:59 of 1st period - Slapshot by Garnet Exelby.
11:59 of 1st period - Stopped by Maxime Ouellet with a rebound.
13:26 of 1st period - Slapshot by Zbynek Michalek.
13:26 of 1st period - Stopped by Maxime Ouellet with a rebound.
14:07 of 1st period - Off-side.
14:08 of 1st period - Brayden Schenn wins face-off versus James Wright in neutral zone.
14:23 of 1st period - Snap shot by Valeri Bure.
14:23 of 1st period - Stopped by Dany Sabourin without a rebound.
14:24 of 1st period - Rick Schofield wins face-off versus Kyle Greentree in Knights zone.
14:27 of 1st period - Snap shot by Daniel Winnik.
14:27 of 1st period - Stopped by Dany Sabourin with a rebound.
14:39 of 1st period - Slapshot by Zack Hamill.
14:39 of 1st period - Shot Misses the Net.
14:58 of 1st period - Snap shot by Riley Armstrong.
14:58 of 1st period - Shot Blocked by Zbynek Michalek.
15:00 of 1st period - Wrist shot by Eric Godard.
15:00 of 1st period - Stopped by Dany Sabourin without a rebound.
15:01 of 1st period - Zack Hamill wins face-off versus Rick Schofield in Knights zone.
15:12 of 1st period - Wrist shot by Kyle Greentree.
15:12 of 1st period - Stopped by Maxime Ouellet with a rebound.
15:29 of 1st period - Off-side.
15:30 of 1st period - Ben Eager wins face-off versus Chris Thorburn in neutral zone.
15:35 of 1st period - Wrist shot by Eric Godard.
15:35 of 1st period - Stopped by Dany Sabourin without a rebound.
15:36 of 1st period - Riley Armstrong wins face-off versus Zack Hamill in Knights zone.
16:14 of 1st period - Wrist shot by Michael Raffl.
16:14 of 1st period - Shot Misses the Net.
16:26 of 1st period - Slapshot by Valeri Bure.
16:26 of 1st period - Deflect By Evander Kane.
16:26 of 1st period - Stopped by Dany Sabourin with a rebound.
16:28 of 1st period - Snap shot by Valeri Bure.
16:28 of 1st period - Shot Misses the Net.
16:46 of 1st period - Snap shot by Valeri Bure.
16:46 of 1st period - Stopped by Dany Sabourin without a rebound.
16:47 of 1st period - Ryan O'Reilly wins face-off versus Philip Varone in Knights zone.
17:00 of 1st period - Slapshot by Zbynek Michalek.
17:00 of 1st period - Shot Blocked by Joe Finley.
17:02 of 1st period - Wrist shot by A.J. Jenks.
17:02 of 1st period - Shot Misses the Net.
17:04 of 1st period - Snap shot by Eric Gelinas.
17:04 of 1st period - Stopped by Maxime Ouellet without a rebound.
17:05 of 1st period - Zack Hamill wins face-off versus Riley Armstrong in Scraper zone.
17:15 of 1st period - Minor Penalty to Tomas Kundratek for Boarding.
17:16 of 1st period - James Wright wins face-off versus Riley Armstrong in Knights zone.
17:24 of 1st period - Derek Joslin is hit by Zbynek Michalek and loses puck.
17:38 of 1st period - Icing by Brendan Smith.
17:39 of 1st period - Rick Schofield wins face-off versus James Wright in Scraper zone.
17:39 of 1st period - Rick Schofield is hit by Chris Thorburn.
17:49 of 1st period - Snap shot by Denis Shvidki.
17:49 of 1st period - Stopped by Dany Sabourin without a rebound.
17:50 of 1st period - James Wright wins face-off versus Riley Armstrong in Knights zone.
18:23 of 1st period - Snap shot by Riley Armstrong.
18:23 of 1st period - Shot Misses the Net.
18:25 of 1st period - Slapshot by Derek Joslin.
18:25 of 1st period - Stopped by Dany Sabourin without a rebound.
18:26 of 1st period - Rick Schofield wins face-off versus James Wright in Knights zone.
18:47 of 1st period - Minor Penalty to Rick Schofield for Holding.
18:48 of 1st period - Zack Hamill wins face-off versus Eric Godard in Scraper zone.
19:15 of 1st period - Penalty to Tomas Kundratek is over, Tomas Kundratek is back on ice.
Goals for this period are 0 for Knights vs 1 for Scraper.
Shots for this period are 12 for Knights vs 11 for Scraper.
2nd period
0:01 of 2nd period - Zack Hamill wins face-off versus Eric Godard in neutral zone.
0:09 of 2nd period - Snap shot by Zack Hamill.
0:09 of 2nd period - Stopped by Maxime Ouellet without a rebound.
0:10 of 2nd period - Zack Hamill wins face-off versus Eric Godard in Scraper zone.
0:36 of 2nd period - Slapshot by Zack Hamill.
0:36 of 2nd period - Stopped by Maxime Ouellet without a rebound.
0:37 of 2nd period - Eric Godard wins face-off versus James Wright in Scraper zone.
0:37 of 2nd period - Eric Godard is hit by James Wright.
0:47 of 2nd period - Penalty to Rick Schofield is over, Rick Schofield is back on ice.
0:48 of 2nd period - Off-side.
0:49 of 2nd period - Brayden Schenn wins face-off versus Zack Hamill in neutral zone.
1:30 of 2nd period - Derek Joslin is hit by James Wright and loses puck.
1:49 of 2nd period - Wrist shot by Aaron Palushaj.
1:49 of 2nd period - Shot Blocked by Brendan Smith.
2:35 of 2nd period - Slapshot by Garnet Exelby.
2:35 of 2nd period - Stopped by Maxime Ouellet without a rebound.
2:36 of 2nd period - Rick Schofield wins face-off versus Zack Hamill in Scraper zone.
2:36 of 2nd period - Rick Schofield is hit by Zack Hamill.
2:58 of 2nd period - Snap shot by Denis Shvidki.
2:58 of 2nd period - Stopped by Dany Sabourin with a rebound.
3:00 of 2nd period - Minor Penalty to Chris Thorburn for Interference.
3:01 of 2nd period - Riley Armstrong wins face-off versus James Wright in Knights zone.
3:04 of 2nd period - Snap shot by Eric Godard.
3:04 of 2nd period - Shot Misses the Net.
3:06 of 2nd period - Snap shot by Eric Godard.
3:06 of 2nd period - Goal by Eric Godard - Knights : 0 - Scraper : 2.
3:07 of 2nd period - Riley Armstrong wins face-off versus Zack Hamill in neutral zone.
3:16 of 2nd period - Wrist shot by Kyle Greentree.
3:16 of 2nd period - Stopped by Maxime Ouellet without a rebound.
3:17 of 2nd period - Zack Hamill wins face-off versus Riley Armstrong in Scraper zone.
3:32 of 2nd period - Snap shot by Alex Chiasson.
3:32 of 2nd period - Stopped by Maxime Ouellet without a rebound.
3:33 of 2nd period - Rick Schofield wins face-off versus James Wright in Scraper zone.
3:44 of 2nd period - Backhand shot by Denis Shvidki.
3:44 of 2nd period - Stopped by Dany Sabourin with a rebound.
3:46 of 2nd period - Snap shot by Rick Schofield.
3:46 of 2nd period - Shot Blocked by Garnet Exelby.
5:23 of 2nd period - Slapshot by Nikita Nikitin.
5:23 of 2nd period - Shot Blocked by Valeri Bure.
5:25 of 2nd period - Snap shot by Zack Hamill.
5:25 of 2nd period - Stopped by Maxime Ouellet with a rebound.
5:27 of 2nd period - Slapshot by Garnet Exelby.
5:27 of 2nd period - Stopped by Maxime Ouellet without a rebound.
5:28 of 2nd period - Zack Hamill wins face-off versus Rick Schofield in Scraper zone.
6:11 of 2nd period - Off-side.
6:12 of 2nd period - Danny Irmen wins face-off versus Brayden Schenn in neutral zone.
6:39 of 2nd period - Snap shot by Brayden Schenn.
6:39 of 2nd period - Stopped by Dany Sabourin with a rebound.
6:41 of 2nd period - Snap shot by Riley Armstrong.
6:41 of 2nd period - Goal by Riley Armstrong - Knights : 0 - Scraper : 3.
6:42 of 2nd period - Ben Eager wins face-off versus Zack Hamill in neutral zone.
6:44 of 2nd period - Off-side.
6:45 of 2nd period - Riley Armstrong wins face-off versus Zack Hamill in neutral zone.
6:51 of 2nd period - Minor Penalty to Alex Chiasson for Roughing.
6:52 of 2nd period - Riley Armstrong wins face-off versus James Wright in Knights zone.
6:56 of 2nd period - Slapshot by Riley Armstrong.
6:56 of 2nd period - Stopped by Dany Sabourin without a rebound.
6:57 of 2nd period - Ben Eager wins face-off versus James Wright in Knights zone.
7:00 of 2nd period - Snap shot by Riley Armstrong.
7:00 of 2nd period - Stopped by Dany Sabourin with a rebound.
7:02 of 2nd period - Snap shot by Ben Eager.
7:02 of 2nd period - Stopped by Dany Sabourin with a rebound.
7:04 of 2nd period - Wrist shot by Eric Godard.
7:04 of 2nd period - Goal by Eric Godard - Knights : 0 - Scraper : 4.
7:05 of 2nd period - James Wright wins face-off versus Riley Armstrong in neutral zone.
7:18 of 2nd period - Slapshot by Zbynek Michalek.
7:18 of 2nd period - Deflect By James Wright.
7:18 of 2nd period - Shot Blocked by Derek Joslin.
7:18 of 2nd period - Puck is out of play.
7:19 of 2nd period - Riley Armstrong wins face-off versus Zack Hamill in Scraper zone.
7:30 of 2nd period - Wrist shot by Eric Godard.
7:30 of 2nd period - Goal by Eric Godard - Knights : 0 - Scraper : 5.
7:30 of 2nd period - Jean-Francois Berube enters game.
7:31 of 2nd period - Riley Armstrong wins face-off versus James Wright in neutral zone.
8:12 of 2nd period - Brayden Schenn beats up Garnet Exelby.
8:12 of 2nd period - Penalty to Brayden Schenn for Fighting.
8:12 of 2nd period - Penalty to Garnet Exelby for Fighting.
8:13 of 2nd period - Riley Armstrong wins face-off versus Chris Thorburn in Knights zone.
8:56 of 2nd period - Icing by Derek Joslin.
8:57 of 2nd period - Danny Irmen wins face-off versus Roman Horak in Scraper zone.
9:53 of 2nd period - Slapshot by Kyle Greentree.
9:53 of 2nd period - Shot Misses the Net.
9:55 of 2nd period - Wrist shot by Zack Hamill.
9:55 of 2nd period - Stopped by Maxime Ouellet with a rebound.
9:57 of 2nd period - Snap shot by Kyle Greentree.
9:57 of 2nd period - Shot Blocked by Ben Eager.
10:18 of 2nd period - Minor Penalty to Eric Knodel for Cross-checking.
10:19 of 2nd period - Eric Godard wins face-off versus Zack Hamill in Scraper zone.
10:35 of 2nd period - Brendan Smith is hit by Zack Hamill and loses puck.
12:18 of 2nd period - Penalty to Eric Knodel is over, Eric Knodel is back on ice.
12:20 of 2nd period - Snap shot by Denis Shvidki.
12:20 of 2nd period - Shot Blocked by Zbynek Michalek.
12:22 of 2nd period - Slapshot by Roman Horak.
12:22 of 2nd period - Goal by Roman Horak - Knights : 0 - Scraper : 6.
12:23 of 2nd period - Riley Armstrong wins face-off versus Danny Irmen in neutral zone.
12:28 of 2nd period - Wrist shot by Ben Eager.
12:28 of 2nd period - Stopped by Jean-Francois Berube with a rebound.
12:46 of 2nd period - Icing by Zbynek Michalek.
12:47 of 2nd period - Danny Irmen wins face-off versus Roman Horak in Knights zone.
13:08 of 2nd period - Evander Kane is hit by Zack Hamill and loses puck.
13:26 of 2nd period - Wrist shot by Riley Armstrong.
13:26 of 2nd period - Shot Blocked by Chris Thorburn.
13:28 of 2nd period - Slapshot by Brendan Smith.
13:28 of 2nd period - Stopped by Jean-Francois Berube with a rebound.
13:30 of 2nd period - Slapshot by Ben Eager.
13:30 of 2nd period - Stopped by Jean-Francois Berube without a rebound.
13:31 of 2nd period - Daniel Winnik wins face-off versus Danny Irmen in Knights zone.
13:38 of 2nd period - Wrist shot by Daniel Winnik.
13:38 of 2nd period - Shot Misses the Net.
13:40 of 2nd period - Wrist shot by Rick Schofield.
13:40 of 2nd period - Stopped by Jean-Francois Berube with a rebound.
13:44 of 2nd period - Snap shot by Daniel Winnik.
13:44 of 2nd period - Stopped by Jean-Francois Berube with a rebound.
13:46 of 2nd period - Wrist shot by Denis Shvidki.
13:46 of 2nd period - Shot Misses the Net.
13:56 of 2nd period - Ben Eager is hit by Alex Chiasson and loses puck.
13:57 of 2nd period - Ben Eager from Scraper is injured at 13:57 of 2nd period (Bruised Right Foot).
13:58 of 2nd period - James Wright wins face-off versus Riley Armstrong in Scraper zone.
14:19 of 2nd period - Minor Penalty to Valeri Bure for Holding Stick.
14:20 of 2nd period - Eric Godard wins face-off versus Alex Chiasson in Scraper zone.
14:20 of 2nd period - Eric Godard is hit by Kyle Greentree.
14:34 of 2nd period - Slapshot by Garnet Exelby.
14:34 of 2nd period - Shot Misses the Net.
14:52 of 2nd period - Wrist shot by Garnet Exelby.
14:52 of 2nd period - Stopped by Maxime Ouellet without a rebound.
14:53 of 2nd period - Riley Armstrong wins face-off versus Zack Hamill in Scraper zone.
15:04 of 2nd period - Eric Gryba is hit by Kyle Greentree and loses puck.
15:17 of 2nd period - Eric Godard is hit by James Wright and loses puck.
15:27 of 2nd period - Icing by James Wright.
15:28 of 2nd period - James Wright wins face-off versus Riley Armstrong in Knights zone.
15:44 of 2nd period - Snap shot by Brayden Schenn.
15:44 of 2nd period - Shot Blocked by Chris Thorburn.
16:06 of 2nd period - Slapshot by Garnet Exelby.
16:06 of 2nd period - Shot Misses the Net.
16:19 of 2nd period - Penalty to Valeri Bure is over, Valeri Bure is back on ice.
16:23 of 2nd period - Minor Penalty to Brayden Schenn for High sticking.
16:24 of 2nd period - Eric Godard wins face-off versus Zack Hamill in Scraper zone.
18:23 of 2nd period - Penalty to Brayden Schenn is over, Brayden Schenn is back on ice.
18:41 of 2nd period - Off-side.
18:42 of 2nd period - Carter Ashton wins face-off versus Rick Schofield in neutral zone.
18:51 of 2nd period - Wrist shot by A.J. Jenks.
18:51 of 2nd period - Shot Hit the Post.
18:53 of 2nd period - Wrist shot by A.J. Jenks.
18:53 of 2nd period - Shot Misses the Net.
18:55 of 2nd period - Slapshot by Eric Gelinas.
18:55 of 2nd period - Stopped by Maxime Ouellet with a rebound.
18:57 of 2nd period - Slapshot by Zbynek Michalek.
18:57 of 2nd period - Shot Misses the Net.
19:15 of 2nd period - Wrist shot by Aaron Palushaj.
19:15 of 2nd period - Deflect By Colton Gillies.
19:15 of 2nd period - Goal by Colton Gillies - Knights : 1 - Scraper : 6.
19:16 of 2nd period - Riley Armstrong wins face-off versus Zack Hamill in neutral zone.
19:20 of 2nd period - Eric Godard and Kyle Greentree fight to a draw.
19:20 of 2nd period - Penalty to Eric Godard for Fighting.
19:20 of 2nd period - Penalty to Kyle Greentree for Fighting.
19:21 of 2nd period - Zack Hamill wins face-off versus Riley Armstrong in Knights zone.
19:28 of 2nd period - Slapshot by Zack Hamill.
19:28 of 2nd period - Shot Misses the Net.
19:30 of 2nd period - Wrist shot by Chris Thorburn.
19:30 of 2nd period - Shot Blocked by Brendan Smith.
19:32 of 2nd period - Slapshot by Zack Hamill.
19:32 of 2nd period - Shot Blocked by Riley Armstrong.
19:34 of 2nd period - Wrist shot by Zack Hamill.
19:34 of 2nd period - Stopped by Maxime Ouellet with a rebound.
19:36 of 2nd period - Backhand shot by Zack Hamill.
19:36 of 2nd period - Shot Misses the Net.
Goals for this period are 1 for Knights vs 5 for Scraper.
Shots for this period are 12 for Knights vs 16 for Scraper.
3rd period
0:01 of 3rd period - Zack Hamill wins face-off versus Riley Armstrong in neutral zone.
0:26 of 3rd period - Denis Shvidki is hit by Colton Gillies and loses puck.
0:55 of 3rd period - Wrist shot by Philip Varone.
0:55 of 3rd period - Shot Misses the Net.
1:33 of 3rd period - Nikita Nikitin is hit by Rick Schofield and loses puck.
1:54 of 3rd period - Slapshot by Eric Gelinas.
1:54 of 3rd period - Stopped by Maxime Ouellet with a rebound.
2:34 of 3rd period - Wrist shot by Alex Chiasson.
2:34 of 3rd period - Shot Misses the Net.
2:44 of 3rd period - Slapshot by Brendan Smith.
2:44 of 3rd period - Shot Misses the Net.
3:04 of 3rd period - Slapshot by Zbynek Michalek.
3:04 of 3rd period - Stopped by Maxime Ouellet with a rebound.
3:34 of 3rd period - Snap shot by Danny Irmen.
3:34 of 3rd period - Shot Misses the Net.
3:59 of 3rd period - Denis Shvidki is hit by Zack Hamill and loses puck.
4:12 of 3rd period - Joe Finley is hit by Michael Stone and loses puck.
5:01 of 3rd period - Eric Godard is hit by Eric Gelinas and loses puck.
5:08 of 3rd period - Brendan Smith is hit by Colton Gillies and loses puck.
5:23 of 3rd period - Slapshot by Chris Thorburn.
5:23 of 3rd period - Shot Hit the Post.
5:57 of 3rd period - Snap shot by Alex Chiasson.
5:57 of 3rd period - Deflect By Riley Armstrong.
5:57 of 3rd period - Shot Blocked by Jared Cowen.
5:57 of 3rd period - Puck is out of play.
5:58 of 3rd period - Zack Hamill wins face-off versus Riley Armstrong in Scraper zone.
6:13 of 3rd period - Eric Gelinas is hit by Brayden Schenn and loses puck.
6:24 of 3rd period - Jared Cowen is hit by James Wright and loses puck.
7:27 of 3rd period - Alex Chiasson is hit by Joe Finley and loses puck.
7:45 of 3rd period - Icing by James Wright.
7:46 of 3rd period - Ryan O'Reilly wins face-off versus James Wright in Knights zone.
8:50 of 3rd period - Zbynek Michalek is hit by Brayden Schenn and loses puck.
9:53 of 3rd period - A.J. Jenks is hit by Joe Finley and loses puck.
10:40 of 3rd period - Chris Thorburn is hit by Evander Kane and loses puck.
11:43 of 3rd period - Danny Irmen is hit by Daniel Winnik.
13:11 of 3rd period - Colton Gillies is hit by Brendan Smith and loses puck.
13:17 of 3rd period - Icing by Aaron Palushaj.
13:18 of 3rd period - Danny Irmen wins face-off versus Brayden Schenn in Knights zone.
13:42 of 3rd period - Minor Penalty to Daniel Winnik for Hooking.
13:43 of 3rd period - Zack Hamill wins face-off versus Eric Godard in Scraper zone.
13:55 of 3rd period - Snap shot by Kyle Greentree.
13:55 of 3rd period - Shot Blocked by Eric Godard.
13:57 of 3rd period - Wrist shot by Kyle Greentree.
13:57 of 3rd period - Shot Misses the Net.
13:59 of 3rd period - Snap shot by Nikita Nikitin.
13:59 of 3rd period - Stopped by Maxime Ouellet with a rebound.
14:13 of 3rd period - Brendan Smith is hit by Michael Raffl and loses puck.
14:46 of 3rd period - Eric Godard is hit by James Wright.
15:42 of 3rd period - Penalty to Daniel Winnik is over, Daniel Winnik is back on ice.
15:58 of 3rd period - Joe Finley is hit by A.J. Jenks and loses puck.
16:11 of 3rd period - Wrist shot by Colton Gillies.
16:11 of 3rd period - Stopped by Maxime Ouellet with a rebound.
16:13 of 3rd period - Slapshot by Danny Irmen.
16:13 of 3rd period - Shot Misses the Net.
16:15 of 3rd period - Backhand shot by Tomas Kundratek.
16:15 of 3rd period - Shot Hit the Post.
16:35 of 3rd period - Michael Stone is hit by Brayden Schenn and loses puck.
17:09 of 3rd period - Icing by Michael Raffl.
17:10 of 3rd period - Riley Armstrong wins face-off versus Zack Hamill in Knights zone.
17:21 of 3rd period - Brendan Smith is hit by Kyle Greentree and loses puck.
17:42 of 3rd period - Brendan Smith is hit by Tomas Kundratek.
17:46 of 3rd period - Tomas Kundratek is hit by Daniel Winnik and loses puck.
17:59 of 3rd period - Wrist shot by Chris Thorburn.
17:59 of 3rd period - Stopped by Maxime Ouellet with a rebound.
18:01 of 3rd period - Snap shot by James Wright.
18:01 of 3rd period - Shot Misses the Net.
18:03 of 3rd period - Slapshot by Michael Stone.
18:03 of 3rd period - Stopped by Maxime Ouellet with a rebound.
18:16 of 3rd period - Icing by Jared Cowen.
18:17 of 3rd period - Rick Schofield wins face-off versus Philip Varone in Scraper zone.
18:28 of 3rd period - Daniel Winnik is hit by Kyle Greentree and loses puck.
18:47 of 3rd period - Eric Gelinas is hit by Riley Armstrong and loses puck.
18:54 of 3rd period - Slapshot by Riley Armstrong.
18:54 of 3rd period - Stopped by Jean-Francois Berube with a rebound.
18:56 of 3rd period - Slapshot by Eric Gryba.
18:56 of 3rd period - Stopped by Jean-Francois Berube with a rebound.
19:20 of 3rd period - Snap shot by Ryan O'Reilly.
19:20 of 3rd period - Stopped by Jean-Francois Berube without a rebound.
19:21 of 3rd period - Zack Hamill wins face-off versus Ryan O'Reilly in Knights zone.
19:30 of 3rd period - Slapshot by Garnet Exelby.
19:30 of 3rd period - Shot Misses the Net.
19:34 of 3rd period - Wrist shot by Kyle Greentree.
19:34 of 3rd period - Stopped by Maxime Ouellet with a rebound.
19:36 of 3rd period - Snap shot by Zack Hamill.
19:36 of 3rd period - Stopped by Maxime Ouellet with a rebound.
19:46 of 3rd period - James Wright is hit by Brendan Smith and loses puck.
Goals for this period are 0 for Knights vs 0 for Scraper.
Shots for this period are 8 for Knights vs 3 for Scraper.
Output by the SimonT Hockey Simulator (STHS) for François Prévost -- Original Page W3C XHTML 1.0 Valid